Map: Stranded Isles

Players

Faust - Winner!

  • Race: Zerg Zerg
  • League: Diamond
  • Spawn Location: 6:00

Throwfordays - Winner!

  • Race: Protoss Protoss
  • League: Silver
  • Spawn Location: 6:00

Cthulhu - Winner!

  • Race: Zerg Zerg
  • Spawn Location: 3:00

TeamCarrying

  • Race: Terran Terran
  • Spawn Location: 12:00

ROCspacearmy

  • Race: Zerg Zerg
  • Spawn Location: 12:00

ZOO

  • Race: Terran Terran
  • League: Diamond
  • Spawn Location: 9:00

VOD

Have the link to the VOD?

Description

Time

  • Played on: March 28, 2019, 11:02 p.m.
  • Length: 16:23
Show
View Real Time Build Order
Export as new Build Order

Faust Zerg - Winner!

Build Orders: Hatch First, Muta Ling Bane 

Get SALT Encoding   

  12  0:01  Drone  
  13  0:09  Drone  
  14  0:16  Extractor  
  14  0:17  Drone  
  15  0:23  Overlord  
  15  0:44  Drone  
  15  0:45  Drone  
  17  0:54  Hatchery  
  16  0:58  Drone  
  17  1:08  Extractor  
  17  1:09  Drone  
  17  1:18  Spawning Pool  
  16  1:25  Drone  
  17  1:29  Drone x2  
  19  1:39  Overlord  
  19  2:04  Queen  
  19  2:06  Queen  
  23  2:08  Drone  
  23  2:09  Drone x2  
  23  2:15  Zergling x2  
  27  2:22  Metabolic Boost  
  27  2:24  Zergling x4  
  29  2:31  Zergling x2  
  28  2:57  Drone x3  
  28  2:58  Drone x2  
  33  3:24  Baneling Nest  
  32  3:34  Zergling x16  
  29  3:35  Overlord x2  
  29  3:40  Lair  
  36  4:00  Zergling x2  
  36  4:01  Zergling x18  
  46  4:04  Spore Crawler  
  46  4:06  Drone  
  46  4:10  Spore Crawler  
  43  4:32  Zergling x8  
  43  4:33  Zergling x4  
  43  4:36  Overlord  
  39  4:54  Zergling x2  
  39  4:55  Zergling x10  
  39  5:08  Drone x5  
  39  5:09  Drone  
  45  5:21  Baneling  
  45  5:22  Baneling  
  45  5:24  Baneling x2  
  45  5:25  Drone x3  
  45  5:26  Drone  
  49  5:31  Spire  
  49  5:32  Extractor  
  49  5:34  Drone  
  49  5:35  Drone  
  49  5:39  Extractor  
  49  5:42  Extractor  
  40  6:03  Drone x3  
  40  6:04  Drone x3  
  46  6:07  Drone x3  
  46  6:10  Drone x2  
  51  6:17  Drone  
  52  6:22  Baneling x2  
  52  6:23  Overlord  
  52  6:24  Overlord  
  52  6:35  Hatchery  
  52  6:36  Overseer  
  52  6:38  Drone  
  52  6:41  Drone  
  52  6:42  Drone  
  52  6:43  Drone x4  
  58  6:48  Baneling x2  
  58  6:52  Drone  
  58  7:12  Drone  
  58  7:13  Drone x9  
  68  7:22  Spore Crawler  
  67  7:24  Zerg Flyer Weapons Level 1  
  67  7:31  Evolution Chamber  
  67  7:32  Evolution Chamber  
  67  7:35  Extractor  
  67  7:36  Extractor  
  63  7:49  Mutalisk  
  63  7:50  Overlord x4  
  65  7:54  Drone  
  66  8:04  Zerg Melee Weapons Level 1  
  66  8:05  Zerg Ground Armor Level 1  
  66  8:07  Queen  
  66  8:10  Infestation Pit  
  66  8:11  Mutalisk  
  66  8:12  Mutalisk x6  
  81  8:15  Drone x3  
  81  8:16  Drone x2  
  86  8:24  Overlord x2  
  86  8:44  Zergling x6  
  86  8:45  Zergling x4  
  91  8:57  Hive  
  91  9:17  Centrifical Hooks  
  87  9:44  Corruptor x2  
  87  9:45  Corruptor x5  
  95  9:52  Drone  
  102  9:53  Drone x2  
  102  9:57  Baneling x4  
  102  9:58  Baneling x3  
  104  10:18  Burrow  
  104  10:24  Zergling x2  
  104  10:25  Zergling x16  
  104  10:26  Overlord  
  104  10:27  Overlord x7  
  113  10:39  Zerg Melee Weapons Level 2, Zerg Ground Armor Level 2  
  111  11:17  Baneling  
  111  11:18  Zergling x2  
  111  11:19  Zergling x34  
  111  11:21  Baneling  
  128  11:26  Zerg Flyer Weapons Level 2  
  92  11:54  Zergling x2  
  92  11:55  Zergling x24  
  85  12:07  Baneling  
  85  12:08  Baneling x5  
  72  12:34  Zergling x6  
  72  12:35  Zergling x26  
  85  12:51  Hatchery  
  84  12:52  Queen  
  84  12:53  Hatchery  
  84  12:57  Zerg Ground Armor Level 3, Zerg Melee Weapons Level 3  
  85  13:00  Adrenal Glands  
  69  13:40  Queen  
  71  13:57  Hydralisk Den  
  70  14:04  Ultralisk Cavern  
  69  14:33  Mutalisk x6  
  69  14:34  Mutalisk x25  
  131  14:47  Zergling x26  
  131  14:48  Zergling x22  
  136  15:37  Extractor, Hatchery  
  136  15:41  Extractor  
  136  15:42  Baneling  
  133  15:43  Baneling x10  
  133  15:51  Zergling x2  
  133  15:52  Zergling x50  
  133  15:53  Zergling x16  
Show
View Real Time Build Order
Export as new Build Order

Throwfordays Protoss - Winner!

Build Orders: 1 Gate Expand, Double Forge, Carriers 

Get SALT Encoding   

  12  0:00  Probe  
  13  0:13  Probe  
  14  0:20  Pylon  
  14  0:25  Probe  
  15  0:38  Probe  
  15  0:40  Gateway  
  16  1:09  Nexus  
  16  1:18  Forge  
  16  1:21  Probe  
  17  1:32  Cybernetics Core  
  17  1:38  Assimilator  
  17  1:41  Probe  
  18  1:53  Probe  
  19  2:06  Pylon  
  19  2:12  Assimilator  
  19  2:19  Probe  
  20  2:27  Probe  
  20  2:30  Probe  
  20  2:35  Probe  
  22  2:42  Probe  
  24  2:47  Probe  
  25  2:54  Stargate, Probe  
  26  2:59  Probe  
  26  3:01  Photon Cannon  
  26  3:04  Probe  
  27  3:06  Photon Cannon  
  27  3:11  Probe  
  27  3:12  Probe  
  30  3:20  Probe  
  30  3:23  Probe  
  32  3:30  Pylon  
  32  3:33  Probe  
  33  3:36  Probe  
  33  3:40  Pylon  
  34  3:43  Pylon  
  34  3:45  Assimilator, Probe  
  34  3:48  Probe  
  36  3:49  Assimilator  
  36  3:58  Fleet Beacon  
  36  3:59  Probe  
  36  4:00  Probe  
  38  4:07  Probe  
  38  4:08  Probe  
  38  4:15  Probe  
  38  4:16  Probe  
  42  4:24  Forge  
  42  4:26  Probe  
  42  4:28  Probe  
  42  4:29  Stargate  
  44  4:31  Stargate  
  44  4:36  Cybernetics Core  
  44  4:39  Twilight Council  
  44  4:40  Probe  
  44  4:45  Photon Cannon  
  45  4:49  Photon Cannon  
  45  4:54  Photon Cannon  
  45  4:59  Photon Cannon  
  45  5:09  Protoss Shields Level 1  
  45  5:13  Protoss Air Weapons Level 1  
  45  5:14  Photon Cannon  
  45  5:19  Photon Cannon  
  45  5:29  Carrier  
  51  5:44  Carrier  
  57  5:58  Pylon  
  57  6:00  Nexus  
  57  6:02  Pylon  
  57  6:06  Assimilator  
  57  6:10  Assimilator, Protoss Air Armor Level 1  
  57  6:19  Probe  
  57  6:23  Probe  
  59  6:32  Probe  
  60  6:35  Probe  
  60  6:37  Photon Cannon  
  61  6:41  Photon Cannon  
  61  6:44  Probe  
  62  6:47  Probe  
  62  6:48  Photon Cannon  
  62  6:52  Photon Cannon  
  63  6:56  Probe  
  63  6:59  Probe  
  65  7:07  Carrier  
  65  7:08  Probe  
  72  7:12  Probe  
  73  7:18  Carrier  
  79  7:27  Probe  
  79  7:33  Protoss Shields Level 2  
  79  7:35  Probe  
  80  7:38  Carrier  
  87  7:45  Probe  
  87  7:46  Protoss Air Weapons Level 2  
  88  7:57  Probe  
  89  8:02  Protoss Air Armor Level 2  
  89  8:09  Probe  
  89  8:10  Pylon  
  89  8:11  Pylon  
  90  8:14  Carrier  
  90  8:17  Pylon  
  96  8:28  Carrier  
  102  8:54  Carrier  
  108  9:19  Nexus  
  108  9:22  Assimilator  
  108  9:26  Assimilator  
  108  9:31  Carrier  
  114  9:41  Pylon  
  114  9:45  Pylon  
  114  9:47  Carrier  
  120  10:02  Photon Cannon  
  120  10:05  Photon Cannon  
  120  10:10  Photon Cannon  
  120  10:11  Photon Cannon  
  120  10:17  Probe  
  120  10:19  Probe  
  122  10:22  Protoss Shields Level 3  
  122  10:29  Probe x2  
  122  10:31  Probe  
  125  10:38  Protoss Air Weapons Level 3, Protoss Air Armor Level 3  
  125  10:41  Probe x2  
  127  10:43  Probe  
  127  10:45  Carrier x2  
  140  10:54  Pylon  
  140  10:55  Pylon, Probe  
  141  10:58  Pylon  
  141  11:03  Probe  
  142  11:07  Probe  
  142  11:10  Probe  
  144  11:15  Probe  
  151  11:18  Carrier  
  151  11:22  Pylon, Probe  
  151  11:25  Pylon  
  152  11:27  Probe  
  152  11:28  Pylon  
  153  11:34  Probe  
  153  11:39  Probe  
  155  11:46  Probe  
  156  11:49  Carrier  
  156  11:50  Carrier  
  156  11:51  Probe  
  169  11:59  Probe  
  176  12:22  Carrier  
  170  13:28  Carrier x3  
  170  13:31  Twilight Council  
  188  13:35  Stargate  
  188  13:36  Stargate  
  200  14:38  Carrier x2  
Show
View Real Time Build Order
Export as new Build Order

Cthulhu Zerg - Winner!

Build Orders: Hatch First 

Get SALT Encoding   

  12  0:02  Drone  
  13  0:10  Drone  
  14  0:16  Extractor  
  14  0:17  Drone  
  15  0:42  Hatchery  
  14  0:47  Extractor, Drone  
  14  0:52  Overlord  
  14  1:11  Spawning Pool  
  14  1:15  Drone  
  14  1:19  Drone  
  14  1:22  Drone  
  16  1:29  Drone  
  17  1:37  Drone  
  18  1:50  Drone  
  19  2:01  Zergling x4  
  20  2:04  Metabolic Boost  
  21  2:09  Drone x2  
  23  2:18  Drone  
  24  2:30  Drone x2  
  24  2:31  Drone  
  27  2:48  Drone  
  28  3:00  Evolution Chamber  
  28  3:01  Drone  
  28  3:06  Overlord  
  27  3:24  Queen  
  29  3:32  Drone  
  29  3:33  Drone x5  
  33  3:38  Extractor, Zerg Ground Armor Level 1  
  33  3:41  Lair  
  32  3:50  Spine Crawler  
  32  3:51  Spine Crawler  
  32  3:53  Spine Crawler  
  29  3:55  Spine Crawler  
  29  3:56  Drone x4  
  32  4:12  Drone x2  
  32  4:15  Queen  
  36  4:23  Overlord  
  36  5:01  Drone x3  
  36  5:02  Drone x3  
  42  5:17  Hydralisk Den  
  42  5:18  Drone  
  42  5:19  Drone  
  43  5:22  Hatchery x2  
  43  5:27  Evolution Chamber  
  40  5:33  Hatchery  
  39  5:37  Infestation Pit  
  39  5:38  Zerg Ground Armor Level 2  
  39  5:40  Drone x6  
  39  5:41  Overlord  
  39  5:42  Overlord  
  41  5:53  Overseer  
  38  6:01  Spore Crawler  
  38  6:02  Spore Crawler  
  34  6:06  Drone  
  34  6:07  Drone x3  
  31  6:26  Drone x4  
  35  6:34  Drone  
  35  6:35  Queen, Drone  
  35  6:37  Queen  
  40  6:53  Drone  
  40  6:54  Drone  
  42  6:55  Drone  
  42  6:56  Drone x5  
  48  7:03  Drone x3  
  51  7:09  Queen  
  51  7:15  Overseer x3  
  53  7:18  Overlord  
  53  7:19  Drone  
  54  7:29  Extractor  
  53  7:40  Drone x9  
  53  7:41  Drone x6  
  68  7:44  Overseer  
  68  7:52  Zerg Missile Weapons Level 1  
  68  7:53  Grooved Spines  
  68  8:01  Drone  
  68  8:02  Drone x9  
  78  8:13  Spine Crawler x2  
  78  8:14  Spine Crawler  
  78  8:15  Spine Crawler  
  78  8:17  Spine Crawler  
  78  8:19  Spine Crawler  
  72  8:20  Spine Crawler x2  
  68  8:34  Zergling x2  
  68  8:35  Zergling x26  
  68  8:36  Zergling x6  
  85  8:44  Spore Crawler x2  
  85  8:47  Spore Crawler  
  80  8:53  Overlord x3  
  61  9:04  Muscular Augments  
  57  9:21  Drone  
  57  9:22  Drone x8  
  57  9:23  Drone  
  69  9:24  Queen, Drone x2  
  69  9:25  Queen x2  
  75  9:32  Hatchery  
  74  9:39  Hatchery  
  73  9:47  Extractor  
  73  9:48  Extractor  
  73  9:49  Hydralisk x6  
  83  9:56  Zerg Missile Weapons Level 2  
  83  10:36  Overlord  
  83  10:37  Overlord x8  
  83  10:56  Drone  
  84  10:57  Drone x9  
  84  11:00  Overlord  
  84  11:02  Extractor x2  
  91  11:22  Hydralisk  
  91  11:23  Infestor, Hydralisk x3  
  91  11:24  Infestor x3, Hydralisk  
  109  11:27  Extractor  
  109  11:31  Extractor  
  107  11:39  Hydralisk  
  109  11:40  Hydralisk  
  109  11:41  Zergling x6  
  109  11:42  Zergling x14  
  121  11:51  Hydralisk x3  
  123  12:12  Hydralisk  
  123  12:13  Zergling x6  
  123  12:14  Zergling x22  
  133  12:34  Zergling x2  
  133  12:35  Zergling x8  
  134  12:52  Hydralisk  
  134  12:53  Hydralisk x9  
  130  13:18  Hydralisk x4  
  130  13:19  Hydralisk x2  
  130  13:27  Zergling x6  
  130  13:28  Zergling x12  
  130  13:29  Queen x3  
  147  13:52  Zergling x2  
  147  13:53  Zergling x24  
  158  14:03  Hive  
  148  14:33  Zergling x2  
  148  14:34  Zergling x28  
  163  14:43  Overlord x2  
  163  14:44  Overlord  
  163  15:15  Pneumatized Carapace  
Show
View Real Time Build Order
Export as new Build Order

TeamCarrying Terran 

Build Orders: Gas First Reaper Expand 

Get SALT Encoding   

  12  0:01  SCV  
  13  0:13  SCV  
  14  0:21  Supply Depot  
  14  0:25  SCV  
  15  0:31  Refinery  
  15  0:45  Barracks  
  15  0:48  SCV  
  16  1:00  SCV  
  17  1:12  SCV  
  18  1:24  SCV  
  19  1:32  Reaper  
  20  1:44  Command Center  
  20  1:45  SCV  
  21  2:10  Orbital Command  
  21  2:15  Barracks Reactor  
  21  2:22  Factory  
  21  2:26  Refinery  
  21  2:29  Supply Depot  
  21  2:57  Orbital Command  
  21  3:04  SCV  
  22  3:12  Barracks Tech Lab  
  22  3:16  SCV, Starport  
  23  3:25  Hellion x2  
  27  3:34  Engineering Bay  
  27  3:40  SCV x2  
  29  3:46  Hellion  
  29  3:48  Hellion  
  33  3:52  SCV  
  34  4:05  SCV x2  
  34  4:08  Supply Depot  
  34  4:09  Missile Turret  
  36  4:20  Banshee, Cloaking Field  
  39  4:24  Barracks Tech Lab  
  39  4:26  Barracks  
  32  5:02  SCV x2  
  34  5:14  SCV x2  
  34  5:18  Supply Depot x2  
  34  5:19  Refinery  
  34  5:20  Refinery, Stimpack  
  36  5:23  Marine x3, Supply Depot  
  36  5:26  SCV x2  
  41  5:28  Banshee  
  44  5:38  SCV  
  44  5:39  SCV  
  46  5:50  SCV  
  46  5:51  SCV  
  48  6:03  SCV x2  
  50  6:18  Marine x2  
  50  6:21  Factory Tech Lab  
  49  6:30  Marine  
  49  6:31  Medivac  
  52  6:36  Marine  
  52  6:38  Barracks, Factory  
  53  6:40  Starport  
  53  6:41  Barracks  
  53  6:43  SCV  
  54  6:51  Marine x2  
  54  6:52  Siege Tank  
  56  6:54  Marine  
  56  7:00  Combat Shield  
  55  7:08  SCV  
  55  7:09  Marine x2, SCV  
  55  7:12  Marine  
  60  7:19  Terran Infantry Weapons Level 1  
  60  7:20  Supply Depot x3  
  60  7:21  SCV x2  
  60  7:22  Supply Depot x2, Starport Reactor  
  62  7:23  Armory, Factory Tech Lab  
  62  7:24  Engineering Bay  
  62  7:25  Marine  
  62  7:26  Siege Tank  
  62  7:27  Marine x2  
  62  7:28  Barracks Tech Lab  
  68  7:47  Missile Turret  
  68  7:48  Concussive Shells, Command Center  
  68  7:49  Barracks Reactor  
  68  7:51  Siege Tank  
  71  7:52  Marine x3  
  71  7:58  Marine  
  74  8:02  Terran Infantry Armor Level 1  
  75  8:09  Marine  
  75  8:10  Marine x2  
  75  8:11  Medivac x2  
  84  8:16  Drilling Claws  
  82  8:22  Marine  
  82  8:23  Siege Tank  
  86  8:27  Marine  
  86  8:28  Marine  
  88  8:38  Medivac  
  88  8:41  Medivac  
  84  9:10  Marine x4  
  84  9:11  Siege Tank x2  
  84  9:13  Medivac x2, Marauder x2  
  69  9:28  Marine x4  
  73  9:34  Marine x2, Smart Servos  
  75  9:39  Terran Infantry Weapons Level 2  
  75  9:41  Terran Vehicle And Ship Armor Level 1  
  73  9:50  Orbital Command  
  73  9:51  SCV  
  73  9:52  SCV  
  75  9:55  Raven  
  77  10:03  SCV  
  77  10:04  SCV  
  79  10:15  SCV  
  79  10:16  SCV  
  79  10:18  Marine x5  
  79  10:19  Marine  
  87  10:22  Refinery x2  
  87  10:26  SCV  
  87  10:27  SCV  
  87  10:28  SCV  
  90  10:35  Marine  
  90  10:37  Marine x4  
  90  10:38  SCV  
  90  10:39  Terran Infantry Armor Level 2  
  90  10:40  SCV x2  
  90  10:42  Command Center  
  98  10:50  SCV  
  98  10:52  SCV x2  
  98  10:55  Raven  
  103  10:57  Marine x6  
  103  11:02  SCV  
  103  11:04  SCV x2  
  111  11:14  Marine, SCV  
  111  11:15  Marine x5  
  116  11:32  Marine  
  116  11:33  Marine x5  
  116  11:38  Raven  
  124  11:40  Supply Depot  
  124  11:42  Supply Depot  
  124  11:43  Corvid Reactor, Supply Depot  
  124  11:44  Supply Depot  
  124  11:45  Refinery  
  124  11:47  Supply Depot  
  124  11:50  Marine  
  124  11:51  Marine x5, Refinery  
  111  12:03  Siege Tank x2  
  111  12:08  Marine x3  
  117  12:09  Marine x3  
  123  12:21  Raven  
  125  12:26  Marine x6  
  129  12:33  Terran Infantry Weapons Level 3  
  129  12:35  Siege Tank x2  
  132  12:44  Marine x6  
  95  13:01  Marine  
  95  13:02  Marine x5  
  95  13:04  Raven  
  99  13:07  Siege Tank  
  94  13:19  Marine  
  95  13:20  Marine x5  
  91  13:31  Siege Tank  
  94  13:37  Marine x3  
  94  13:38  Marine x3  
  94  13:39  Siege Tank  
  103  13:46  Medivac  
  103  13:47  Raven, Medivac  
  109  13:51  Orbital Command  
  109  13:55  Marine x6  
  115  14:03  Siege Tank  
  118  14:11  Siege Tank  
  118  14:13  Marine x6  
  127  14:29  Raven  
  127  14:30  Marine  
  127  14:31  Marine x5  
  132  14:43  Thor x2  
  144  14:48  Marine  
  144  14:49  Marine x5  
  150  15:06  Marine  
  150  15:07  Marine x5  
  151  15:12  Raven  
  158  15:24  Marine x6  
  158  15:26  Thor  
  170  15:42  Marine x6  
  176  15:59  Marine  
  176  16:00  Marine x5  
Show
View Real Time Build Order
Export as new Build Order

ROCspacearmy Zerg 

Build Orders: Hatch First 

Get SALT Encoding   

  12  0:17  Extractor  
  12  0:18  Drone x3  
  15  0:46  Hatchery  
  14  1:01  Spawning Pool  
  14  1:02  Extractor  
  12  1:48  Drone x2, Overlord  
  14  2:07  Metabolic Boost  
  14  2:09  Zergling x2  
  14  2:11  Zergling x2  
  16  2:26  Zergling x2  
  17  2:43  Zergling x6  
  20  2:50  Baneling Nest  
  20  2:51  Queen  
  19  2:56  Queen  
  24  2:58  Drone  
  24  3:34  Zergling x6  
  23  3:36  Drone x3  
  23  3:39  Extractor  
  23  3:40  Lair  
  26  3:46  Baneling x2  
  26  3:47  Baneling x2  
  26  4:02  Drone  
  27  4:04  Overlord  
  27  4:23  Zergling x2  
  27  4:24  Zergling x4  
  24  5:02  Zergling x2  
  24  5:03  Zergling x10  
  24  5:06  Drone x5  
  24  5:07  Drone  
  36  5:15  Spire  
  36  5:20  Baneling  
  36  5:21  Baneling x2  
  35  5:22  Baneling  
  26  6:00  Drone x3  
  29  6:10  Nydus Network  
  28  6:30  Hatchery  
  27  6:34  Mutalisk x2  
  31  6:42  Extractor  
  31  6:43  Extractor  
  29  6:52  Infestation Pit  
  28  7:04  Drone x3  
  28  7:05  Drone x5  
  36  7:27  Overlord x2  
  36  7:28  Overlord  
  36  7:34  Hive  
  36  7:36  Zerg Flyer Weapons Level 1  
  36  7:44  Drone  
  36  7:45  Drone  
  36  7:48  Drone  
  37  8:56  Corruptor x2  
  37  8:57  Corruptor x6  
  51  9:06  Spore Crawler  
  51  9:09  Spore Crawler  
  49  9:12  Spore Crawler  
  49  9:14  Drone x2  
  50  9:54  Queen  
  50  9:55  Drone x3  
  50  9:57  Drone x2  
  50  9:58  Drone  
  58  10:00  Overlord x2  
  58  10:04  Zerg Flyer Armor Level 1  
  58  10:28  Corruptor  
  58  10:29  Corruptor x2  
  64  10:52  Drone x4  
  64  10:55  Corruptor x3  
  74  11:07  Overlord x3  
  74  11:34  Overseer  
  72  12:07  Corruptor x4  
  72  12:08  Corruptor x5  
  80  12:36  Viper x3  
  83  12:40  Zerg Flyer Weapons Level 2  
Show
View Real Time Build Order
Export as new Build Order

ZOO Terran 

Build Orders:  

Get SALT Encoding   

  12  0:01  SCV  
  13  0:13  SCV  
  14  0:26  Supply Depot  
  14  0:27  SCV  
  15  0:47  SCV  
  15  0:49  Barracks  
  16  0:59  SCV  
  17  1:16  Command Center  
  17  1:18  SCV  
  18  1:24  Refinery  
  18  1:31  SCV  
  19  1:37  Supply Depot  
  19  1:43  SCV  
  20  1:52  Marine  
  21  2:02  Barracks  
  21  2:04  Orbital Command  
  21  2:17  Marine  
  22  2:29  Orbital Command  
  22  2:31  SCV  
  23  2:42  Marine  
  23  2:43  SCV  
  25  2:49  Factory  
  25  2:51  Engineering Bay  
  25  2:57  SCV  
  25  2:58  SCV  
  27  3:02  Refinery  
  27  3:04  Marine  
  29  3:06  Barracks Tech Lab  
  28  3:14  SCV  
  28  3:15  SCV  
  30  3:22  Missile Turret  
  30  3:24  Missile Turret  
  30  3:27  SCV x2  
  32  3:37  Command Center  
  32  3:40  SCV x2  
  34  3:56  Starport  
  34  3:58  SCV x2  
  36  4:06  Factory Tech Lab  
  36  4:09  Marine x2  
  38  4:10  SCV x2  
  40  4:21  Supply Depot  
  40  4:25  Siege Tank  
  40  4:27  Marine x2  
  40  4:29  Stimpack  
  45  4:34  SCV  
  45  4:35  Barracks  
  46  4:43  Medivac  
  48  4:47  SCV  
  48  4:50  Supply Depot  
  49  4:53  Orbital Command  
  49  4:54  Refinery  
  49  4:56  SCV  
  49  4:59  SCV  
  51  5:02  Terran Infantry Weapons Level 1  
  51  5:06  Engineering Bay  
  51  5:08  SCV  
  51  5:11  SCV  
  53  5:20  SCV  
  53  5:21  Command Center  
  54  5:23  SCV, Medivac  
  54  5:24  Marine  
  54  5:25  Marine x2  
  60  5:29  Hellion  
  60  5:34  SCV  
  60  5:35  SCV x2  
  65  5:41  Missile Turret  
  65  5:42  Marine x2, Missile Turret  
  65  5:43  Marauder  
  65  5:48  Refinery, SCV x3  
  72  5:53  Refinery  
  72  6:00  Marine x2, SCV  
  72  6:02  Medivac  
  77  6:08  Combat Shield  
  77  6:09  Supply Depot  
  77  6:11  Terran Infantry Armor Level 1  
  77  6:12  Refinery, Marauder  
  77  6:18  Marine  
  79  6:24  Fusion Core  
  80  6:28  Armory  
  80  6:50  SCV  
  81  6:56  Orbital Command  
  81  6:59  Missile Turret  
  81  7:02  SCV  
  82  7:14  SCV  
  82  7:15  SCV  
  84  7:17  Marine x2  
  84  7:18  Supply Depot, Marauder  
  84  7:20  Missile Turret  
  84  7:21  Medivac  
  90  7:25  Command Center  
  90  7:26  SCV  
  91  7:35  Marine x2  
  93  7:39  Marine  
  93  7:41  Missile Turret  
  94  7:50  Siege Tank  
  97  7:52  SCV x2  
  97  7:53  Marine, SCV x2  
  97  7:55  Marine  
  97  7:56  Marine  
  104  8:03  Medivac  
  104  8:05  SCV x4  
  110  8:09  Refinery  
  110  8:10  Refinery, Marine  
  110  8:11  Barracks  
  111  8:13  Marine, Terran Infantry Armor Level 2, Terran Infantry Weapons Level 2  
  111  8:14  Marine  
  111  8:16  Terran Vehicle And Ship Armor Level 1  
  111  8:17  SCV x2  
  111  8:18  Weapon Refit  
  115  8:24  Starport  
  115  8:28  Marine  
  115  8:29  Starport  
  115  8:31  Marine  
  115  8:32  Marine  
  118  8:39  Missile Turret  
  118  8:46  Marine  
  118  8:48  Orbital Command  
  119  8:49  Marine  
  119  8:50  Marine  
  119  8:54  Missile Turret  
  119  8:55  Missile Turret  
  121  9:03  Missile Turret  
  121  9:04  Marine  
  121  9:06  Marine  
  121  9:08  Marine  
  124  9:14  Barracks  
  124  9:19  Barracks  
  124  9:22  Barracks  
  124  9:24  Missile Turret  
  124  9:53  Starport Tech Lab  
  124  9:55  Starport Tech Lab x2  
  124  10:01  Starport  
  124  10:03  Starport x2  
  124  10:09  Armory  
  124  10:15  Marine x5  
  124  10:16  Marine x2  
  131  10:33  Marine x5  
  136  10:43  Starport Tech Lab x3  
  136  10:49  Concussive Shells  
  136  10:51  Terran Vehicle And Ship Armor Level 2  
  136  10:59  Supply Depot, Terran Ship Weapons Level 1  
  136  11:01  Terran Infantry Weapons Level 3  
  136  11:02  Terran Infantry Armor Level 3  
  136  11:20  Battlecruiser x4  
  136  11:21  Battlecruiser  
  136  11:22  Supply Depot  
  166  11:44  Supply Depot, Battlecruiser  
  171  12:07  Marine x2  
  171  12:08  Marine x4  
  175  12:09  Supply Depot, Marauder  
  162  12:24  Battlecruiser  
  162  12:25  Marine x4  
  170  12:31  Supply Depot  
  170  12:33  Marine x3  
  157  12:43  Marine x4  
  148  12:51  Marine x2  
  148  12:52  Marauder  
  148  12:56  Supply Depot  
  120  13:13  Marauder  
  80  13:28  Battlecruiser x5  
  80  13:29  Battlecruiser  
  80  13:30  Marine x3  
  80  13:31  Marine x3  
  122  13:34  Marine  
  122  13:48  Marine x5  
  117  13:49  Marine  
  117  13:52  Marine  
  123  13:59  Terran Ship Weapons Level 2  
  123  14:06  Marine x6  
  124  14:10  Marine  
  123  14:24  Marine x5  
  118  14:32  Battlecruiser  
  124  14:42  Marine x2  
  126  14:57  Marine  
  126  14:58  Marine x2  
  126  14:59  Marine x2  
  126  15:00  Marine  
  126  15:04  Command Center  
  91  15:16  Command Center  
Tags
 
Add a new tag
Caveats
  • Supply blocks, unpowered buildings, or Contaminate may cause inaccurate times.
  • Supply counts are checked every 10 seconds.